 Dungeon Crawl Stone Soup version 0.30-a0-738-g116ff8c4af (webtiles) character file.

Game seed: 8957420757367841862

1256 testman the Trooper (level 8, -2/51 HPs)
             Began as a Gargoyle Fighter on Feb 3, 2023.
             Was a Follower of Okawaru.
             Slain by a wight
             ... wielding a +3 morningstar
              (3 damage)
             ... on level 6 of the Dungeon.
             The game lasted 00:24:08 (5203 turns).

testman the Trooper (Gargoyle Fighter)              Turns: 5203, Time: 00:24:09

Health: -2/51      AC: 13    Str: 22    XL:     8   Next: 51%
Magic:  12/12      EV: 10    Int: 15    God:    Okawaru [*.....]
Gold:   155        SH:  0    Dex:  9    Spells: 9/13 levels left

rFire   . . .      SeeInvis .    H - +0 dire flail
rCold   . . .      Faith    .    (shield currently unavailable)
rNeg    + . .      Spirit   .    v - +0 ring mail
rPois   ∞          Reflect  .    r - +0 helmet
rElec   +          Harm     .    (no cloak)
rCorr   .          Rampage  .    (no gloves)
Will    .....                    l - +0 pair of boots Stlth
                                 (no amulet)
HPRegen 0.28/turn                f - +6 ring of intelligence
MPRegen 0.13/turn                (no ring)

@: no status effects
A: sickness immunity, AC +5, negative energy resistance 1, electricity
resistance, torment resistance 1, petrification resistance
a: Renounce Religion, Heroism


You were on level 6 of the Dungeon.
You worshipped Okawaru.
Okawaru was aware of your devotion.
You visited 2 branches of the dungeon, and saw 7 of its levels.

You collected 225 gold pieces.
You spent 70 gold pieces at shops.

Inventory:

Hand Weapons
 a - a +0 flail
 H - a +0 dire flail (weapon)
Missiles
 s - 16 poisoned darts
Armour
 c - a +0 buckler
 l - a +0 pair of boots (worn)
 r - a +0 helmet (worn)
 v - a +0 ring mail (worn)
Jewellery
 f - a +6 ring of intelligence (left hand)
 i - a ring of ice
Wands
 B - a wand of mindburst (11)
Scrolls
 d - 2 scrolls of magic mapping {unknown}
 g - a scroll of fear {unknown}
 k - 2 scrolls of immolation
 m - 2 scrolls of identify
 n - a scroll of enchant armour {unknown}
 q - a scroll of blinking {unknown}
 t - 3 scrolls of poison {unknown}
 u - 5 scrolls of teleportation {unknown}
 w - a scroll of fog {unknown}
 x - a scroll of enchant weapon {unknown}
 y - a scroll of butterflies {unknown}
 D - a scroll of brand weapon {unknown}
 G - a scroll of amnesia {unknown}
Potions
 b - a potion of degeneration
 e - 2 potions of heal wounds
 h - a potion of magic
 j - a potion of berserk rage
 o - 3 potions of curing
 p - a potion of mutation {unknown}
 z - 2 potions of flight
 A - a potion of brilliance {unknown}
 C - a potion of attraction {unknown}
 E - 2 potions of haste {unknown}
 F - a potion of might


   Skills:
 + Level 5.8 Fighting
 + Level 4.6 Maces & Flails
 - Level 4.2 Armour
 - Level 4.3 Shields
 + Level 3.2 Spellcasting
 + Level 3.7 Conjurations
 + Level 4.3 Earth Magic
 + Level 2.4 Invocations


You had 9 spell levels left.
You knew the following spells:

 Your Spells              Type           Power      Damage    Failure   Level
a - Sandblast             Erth           30%        2d9       5%          1
b - Stone Arrow           Conj/Erth      28%        3d8       17%         3

Your spell library contained the following spells:

 Spells                   Type           Power      Damage    Failure   Level
 Magic Dart               Conj           52%        1d5       7%          1
 Searing Ray              Conj           26%        2d5       10%         2
 Passwall                 Tmut/Erth      6%         N/A       19%         2
 Mephitic Cloud           Conj/Pois/Air  6%         N/A       50%         3
 Inner Flame              Hex/Fire       2%         N/A       67%         3
 Ozocubu's Armour         Ice            2%         N/A       67%         3
 Fulminant Prism          Conj/Hex       3%         3d5       82%         4
 Freezing Cloud           Conj/Ice/Air   3%         6-21      99%         5
 Metabolic Englaciation   Hex/Ice        1%         N/A       100%        5
 Chain Lightning          Conj/Air       3%         3d4       100%        9
 Polar Vortex             Ice            1%         N/A       100%        9
 Simulacrum               Ice/Necr       Unusable   N/A       N/A         6

Dungeon Overview and Level Annotations

Branches:
Dungeon (6/15)             Temple (1/1) D:5

Altars:
Ashenzari
Cheibriados
Dithmenos
Elyvilon
Fedhas
Gozag
Hepliaklqana
Kikubaaqudgha
Makhleb
Nemelex Xobeh
Okawaru
Qazlal
Ru
Sif Muna
Trog
Uskayaw
Vehumet
Wu Jian
Xom
Yredelemnul
Zin

Shops:
D:2 (   D:4 *   D:5 *


Innate Abilities, Weirdness & Mutations

You are immune to sickness and miasma.
Your stone body is resilient. (AC +5)
You are immune to poison.
You resist negative energy. (rN+)
You are resistant to electric shocks. (rElec)
You are resistant to unholy torment.
You are immune to petrification.


Message History

You barely miss the wight. The wight hits you with a +2 spear.
You barely miss the wight. The wight hits you with a +2 spear.
The wight hits you but does no damage.
You sock the wight!
The wight is heavily damaged.
The wight hits you with a +2 spear.
You barely miss the wight.
The wight is heavily damaged.
The wight hits you with a +2 spear.
You hit the wight.
The wight is severely damaged.
The wight hits you but does no damage.
You barely miss the wight.
The wight is severely damaged.
The wight hits you with a +2 spear. The wight hits you but does no damage.
You closely miss the wight.
The wight is severely damaged.
The wight hits you with a +3 morningstar.
The wight hits you with a +2 spear.
You are too injured to fight recklessly!
You are too injured to fight recklessly!
You are too injured to fight recklessly!
You are too injured to fight recklessly!
You hit the wight but do no damage.
The wight is severely damaged.
The wight hits you with a +2 spear. The wight barely misses you.
You closely miss the wight.
The wight is severely damaged.
The wight hits you with a +2 spear.
The wight hits you with a +3 morningstar!
* * * LOW HITPOINT WARNING * * *
You puncture the wight!
You destroy the wight!
Okawaru accepts your kill.
The wight hits you with a +3 morningstar!
* * * LOW HITPOINT WARNING * * *
You closely miss the wight. The wight closely misses you.
You hit the wight but do no damage.
The wight hits you with a +3 morningstar.
You die...

..##.####....#
#.. ##...## #..
#..### #...
##...#### ...
##.....###
##........##
.##..........#
......)z.....#
........@.....#
..............##
#..............#
..#...###..<..##
#... ####### ###


You could see a wight.

Vanquished Creatures
  A black bear (D:4)
  2 ogres (D:5)
  A centaur (D:5)
  A phantom (D:6)
  2 necrophages
  A scorpion (D:5)
  3 wights
  A howler monkey (D:5)
  An orc priest (D:3)
  4 hounds
  A jelly (D:5)
  3 iguanas
  2 orc wizards
  Robin (D:2)
  7 adders
  An ufetubus (D:4)
  2 worms
  4 dart slugs
  9 orcs
  7 ball pythons
  5 bats
  9 endoplasms
  3 giant cockroaches
  7 goblins
  8 hobgoblins
  4 jackals (D:1)
  6 kobolds
  3 quokkas
  3 frilled lizards
  7 rats
109 creatures vanquished.

Notes
Turn   | Place    | Note
-------+----------+-------------------------------------------
     0 | D:1      | testman the Gargoyle Fighter began the quest for the Orb.
     0 | D:1      | Reached XP level 1. HP: 14/14 MP: 1/1
    76 | D:1      | Reached XP level 2. HP: 19/19 MP: 2/2
   374 | D:1      | Reached XP level 3. HP: 22/23 MP: 3/3
   744 | D:2      | Learned a level 1 spell: Sandblast
   925 | D:2      | Found Leaxod's Antique Weapon Shoppe.
  1036 | D:2      | Reached XP level 4. HP: 29/29 MP: 4/4
  1185 | D:2      | Noticed Robin
  1204 | D:2      | Killed Robin
  1317 | D:2      | Reached skill level 4 in Fighting
  1731 | D:3      | Reached XP level 5. HP: 33/33 MP: 5/5
  1740 | D:3      | Learned a level 3 spell: Stone Arrow
  1821 | D:3      | Reached skill level 1 in Earth Magic
  1920 | D:3      | Found a faded altar of an unknown god.
  2129 | D:3      | Reached skill level 1 in Spellcasting
  2438 | D:3      | Got Sif Muna's Almanac of Calorific Clouds
  2593 | D:4      | Reached skill level 1 in Conjurations
  2593 | D:4      | Reached XP level 6. HP: 39/39 MP: 4/7
  2876 | D:4      | Found Cuarof's General Store.
  2928 | D:4      | Bought a scroll of identify for 28 gold pieces
  2928 | D:4      | Bought a potion of flight for 42 gold pieces
  3089 | D:4      | Noticed a black bear
  3092 | D:4      | Reached XP level 7. HP: 42/44 MP: 9/9
  3125 | D:4      | Reached skill level 5 in Fighting
  3493 | D:5      | Entered Level 5 of the Dungeon
  3559 | D:5      | Found a staircase to the Ecumenical Temple.
  3569 | Temple   | Entered the Ecumenical Temple
  4017 | Temple   | Became a worshipper of Warmaster Okawaru
  4143 | D:5      | Found Zin's Purification Station.
  4146 | D:5      | Found a glowing silver altar of Zin.
  4356 | D:5      | Reached skill level 1 in Invocations
  4356 | D:5      | Reached XP level 8. HP: 30/50 MP: 7/12
  4522 | D:5      | Reached * piety under Okawaru
  5006 | D:5      | HP: 1/51 [wight/+0 dire flail (3)]
  5201 | D:6      | HP: 1/51 [wight/+3 morningstar (8)]
  5203 | D:6      | Slain by a wight

Illustrated notes

Levels and vault maps discovered:
D:1:      lemuel_arrival_rhombus, layout_basic
D:2:      layout_basic, serial_shops, nicolae_shop_overgrown_old_shop,
          uniq_robin
D:3:      layout_basic, hellmonk_ecumenical_altar_blasted
D:4:      layout_rooms, serial_shops, nicolae_shop_hallway_plus
D:5:      layout_loops_ring, zin_purify, minmay_temple_entry_glass
D:6:      layout_cave_pools, nrook_loot_triangle
Temple:   mainiacjoe_temple_big_plus

Skill      XL: |  1  2  3  4  5  6  7  8 |
---------------+-------------------------+-----
Shields        | 4 |  4.3
Fighting       | 4 5 |  5.8
Armour         | 4 |  4.2
Earth Magic    | 1 2 3 4 |  4.3
Maces & Flails | 3 4 |  4.6
Spellcasting   | 1 2 3 |  3.2
Conjurations   | 1 2 3 |  3.7
Invocations    | 1 2 |  2.4

Action                     |  1- 3 |  4- 6 |  7- 9 || total
---------------------------+-------+-------+-------++-------
  Melee: Flail             |   133 |   201 |   106 ||   440
         Dire flail        |       |       |    13 ||    13
   Cast: Sandblast         |       |    28 |    13 ||    41
         Stone Arrow       |       |       |     1 ||     1
    Use: Potion            |       |     1 |     1 ||     2
         Scroll            |       |     4 |     2 ||     6
 Armour: Scale mail        |    80 |    34 |       ||   114
         Ring mail         |       |   101 |    70 ||   171
  Dodge: Dodged            |    79 |   106 |    70 ||   255
  Block: Buckler           |    31 |    54 |    32 ||   117

Table legend: (Time is in decaauts)
 A = Elapsed time spent in this place.
 B = Non-inter-level travel time spent in this place.
 C = Inter-level travel time spent in this place.
 D = Time resting spent in this place.
 E = Time spent auto-exploring this place.
 F = Levels seen in this place.
 G = Mean time per level.
                   A        B        C        D        E       F      G
               +--------+--------+--------+--------+--------+-----+--------+
         Total |   5351 |   5102 |    249 |    575 |   3445 |   7 |  764.4 |
       Dungeon |   4872 |   4708 |    164 |    575 |   3059 |   6 |  812.0 |
        Temple |    478 |    393 |     85 |      0 |    386 |   1 |  478.0 |
               +--------+--------+--------+--------+--------+-----+--------+

Top non-repeatable levels by time:
     D:3: 1214 daAuts
     D:5: 1190 daAuts
     D:2: 891 daAuts
     D:1: 759 daAuts
     D:4: 751 daAuts
  Temple: 478 daAuts
     D:6: 65 daAuts
